AoeStats
← NitroKuite

Arabia

505010410Analyzed
1v1 RM · 25d ago on Sep 7, 2026· 25m 36s· 2 players
Game mode
Random Map
Map size
Tiny (2 player)
Population
200
Speed
Normal
Resources
Standard
Victory
Conquest
Starting age
Dark Age
Ending age
Imperial Age
RankedLock teamsTeams togetherTeam positionsShared explorationLock speedFull tech treeHidden civsTurbo modeCheats
Victory
Defeat
🇫🇷 Romans · France
1090
+18
🇸🇬 Magyars · Singapore
1135
-18
NitroKuite
6:54 Loom
9:31 Feudal Age
9:42 Man-at-Arms
12:58 Double-Bit Axe
13:31 Scale Mail Armor
14:40 Fletching
21:17 Gold Mining
21:09 Horse Collar
24:16 Forging
25:27 Wheelbarrow
Jungle The Quest
7:14 Loom
10:26 Feudal Age
12:47 Town Watch
Connection lost

Rejoining the realm…

Still unreachable

The connection could not be restored.

Session expired

The server has moved on; the page needs a fresh start.